General information
- name: BNet
- type: Ladder team game (AT/RT)
- host: Battle.net
- saver: ShutUp&Jam
map: DragonFalls
- players: 8
- length: 48:43
- speed: Fast
- version: 1.28 W3XP
- replay type: Public
» download(430 KB)
Players
team 1 (loser)
PizzaPussiSanta (
teal | 60 APM | 1433 actions | 23:58)
5 Blademaster
1 Mirror Image
3 Critical Strike
1 Wind Walk
» actions
| Assign group hotkey | 14 | |
| Basic commands | 30 | |
| Build / train | 80 | |
| Enter build submenu | 21 | |
| Enter hero's abilities submenu | 5 | |
| Give item / drop item | 2 | |
| Right click | 900 | |
| Select / deselect | 296 | |
| Select group hotkey | 32 | |
| Use ability | 52 | |
1433 total
» units
» upgrades
| Berserker Strength | 1 | |
| Melee Weapons | 2 | |
| Pillage | 1 | |
| Armor | 2 | |
| Pulverize | 2 | |
8 total
» buildings
| Altar of Storms | 1 | |
| Orc Burrow | 8 | |
| Barracks | 2 | |
| Stronghold | 1 | |
| Great Hall | 1 | |
| Fortress | 1 | |
| War Mill | 1 | |
| Tauren Totem | 2 | |
| Watch Tower | 1 | |
| Spirit Lodge | 1 | |
19 total
» build order
00:08 Altar of Storms
00:40 Orc Burrow
01:01 Barracks
01:52 Orc Burrow
03:22 Orc Burrow
03:23 Stronghold
04:34 Great Hall
08:14 Fortress
08:45 Barracks
08:50 War Mill
11:09 Tauren Totem
11:48 Orc Burrow
11:56 Orc Burrow
11:59 Orc Burrow
13:20 Orc Burrow
13:22 Orc Burrow
18:00 Tauren Totem
19:18 Watch Tower
21:53 Spirit Lodge
» items
| Boots of Speed | 1 | |
| Periapt of Vitality | 1 | |
| Circlet of Nobility | 1 | |
| Rod of Necromancy | 1 | |
4 total
KILLAx (
purple | 99 APM | 3794 actions | 38:25)
8 Death Knight
3 Death Coil
3 Unholy Aura
1 Animate Dead
1 Death Pact
7 Lich
3 Frost Nova
3 Frost Armor
1 Death and Decay
» actions
| Assign group hotkey | 18 | |
| Basic commands | 191 | |
| Build / train | 56 | |
| Enter build submenu | 20 | |
| Enter hero's abilities submenu | 15 | |
| Give item / drop item | 1 | |
| Right click | 1568 | |
| Select / deselect | 291 | |
| Select group hotkey | 1556 | |
| Use ability | 78 | |
3794 total
» units
| Acolyte | 5 | |
| Ghoul | 3 | |
| Crypt Fiend | 9 | |
| Frost Wyrm | 7 | |
24 total
» upgrades
| Creature Carapace | 2 | |
| Web | 1 | |
| Creature Attack | 2 | |
| Freezing Breath | 1 | |
6 total
» buildings
| Crypt | 1 | |
| Graveyard | 1 | |
| Altar of Darkness | 1 | |
| Ziggurat | 10 | |
| Tomb of Relics | 1 | |
| Halls of the Dead | 1 | |
| Sacrificial Pit | 1 | |
| Black Citadel | 1 | |
| Boneyard | 2 | |
19 total
» build order
01:21 Crypt
01:28 Graveyard
01:32 Altar of Darkness
01:36 Ziggurat
01:41 Ziggurat
01:46 Tomb of Relics
03:37 Ziggurat
05:04 Halls of the Dead
05:16 Ziggurat
06:36 Ziggurat
07:33 Sacrificial Pit
08:55 Black Citadel
09:01 Ziggurat
11:20 Boneyard
11:21 Boneyard
11:25 Ziggurat
18:16 Ziggurat
18:19 Ziggurat
21:38 Ziggurat
» items
| Rod of Necromancy | 1 | |
| Scroll of Town Portal | 4 | |
| Orb of Corruption | 1 | |
6 total
NBA-RIGGED-WTF (
pink | 58 APM | 2833 actions | 48:43)
9 Blademaster
3 Wind Walk
3 Critical Strike
1 Bladestorm
2 Mirror Image
» actions
| Assign group hotkey | 57 | |
| Basic commands | 69 | |
| Build / train | 76 | |
| Enter build submenu | 45 | |
| Enter hero's abilities submenu | 9 | |
| Give item / drop item | 2 | |
| Remove unit from queue | 5 | |
| Right click | 1138 | |
| Select / deselect | 339 | |
| Select group hotkey | 916 | |
| Use ability | 177 | |
2833 total
» units
| Peon | 18 | |
| Grunt | 3 | |
| Goblin Shredder | 3 | |
| Goblin Zeppelin | 1 | |
| Troll Batrider | 3 | |
| Goblin Sapper | 2 | |
| Wind Rider | 4 | |
| Raider | 1 | |
35 total
» upgrades
| Ranged Weapons | 2 | |
| Reinforced Defenses | 1 | |
| Liquid Fire | 1 | |
| Armor | 2 | |
| Ensnare | 1 | |
| Pillage | 1 | |
| Melee Weapons | 1 | |
9 total
» buildings
| Altar of Storms | 1 | |
| Orc Burrow | 7 | |
| Voodoo Lounge | 1 | |
| War Mill | 1 | |
| Barracks | 1 | |
| Stronghold | 1 | |
| Great Hall | 5 | |
| Watch Tower | 48 | |
| Beastiary | 5 | |
| Fortress | 2 | |
| Necropolis | 1 | |
73 total
» build order
00:06 Altar of Storms
00:17 Orc Burrow
00:38 Voodoo Lounge
01:05 War Mill
01:52 Barracks
02:17 Orc Burrow
03:06 Stronghold
04:49 Great Hall
05:29 Watch Tower
05:30 Watch Tower
05:30 Watch Tower
05:30 Watch Tower
06:04 Orc Burrow
06:35 Beastiary
06:47 Watch Tower
06:47 Watch Tower
07:02 Beastiary
07:19 Fortress
07:19 Fortress
07:46 Watch Tower
08:30 Watch Tower
08:31 Watch Tower
08:31 Watch Tower
08:47 Watch Tower
08:47 Watch Tower
09:13 Beastiary
09:18 Watch Tower
11:55 Watch Tower
11:55 Watch Tower
13:30 Orc Burrow
13:31 Orc Burrow
13:33 Orc Burrow
14:32 Great Hall
14:36 Watch Tower
14:37 Watch Tower
14:37 Watch Tower
14:39 Watch Tower
14:39 Watch Tower
14:40 Watch Tower
14:40 Watch Tower
14:41 Watch Tower
14:41 Watch Tower
14:57 Watch Tower
16:12 Watch Tower
16:41 Watch Tower
16:49 Watch Tower
17:11 Watch Tower
17:11 Watch Tower
17:11 Watch Tower
17:41 Beastiary
18:08 Watch Tower
19:41 Watch Tower
19:41 Watch Tower
19:42 Watch Tower
19:42 Watch Tower
19:42 Watch Tower
20:00 Watch Tower
20:00 Watch Tower
20:37 Beastiary
20:59 Watch Tower
21:53 Watch Tower
21:53 Watch Tower
22:17 Orc Burrow
23:26 Great Hall
26:07 Watch Tower
26:08 Watch Tower
26:08 Watch Tower
26:09 Watch Tower
28:04 Watch Tower
28:04 Watch Tower
31:52 Great Hall
32:52 Great Hall
42:17 Necropolis
» items
| Healing Salve | 3 | |
| Boots of Speed | 1 | |
| Scroll of Town Portal | 5 | |
| Staff of Teleportation | 1 | |
| Potion of Lesser Invulnerability | 1 | |
| Orb of Lightning | 1 | |
| Lesser Clarity Potion | 1 | |
13 total
UDstartinghero (
orange | 109 APM | 2588 actions | 23:39)
5 Death Knight
3 Death Coil
2 Unholy Aura
3 Lich
2 Frost Nova
1 Frost Armor
» actions
| Assign group hotkey | 40 | |
| Basic commands | 1 | |
| Build / train | 72 | |
| Enter build submenu | 32 | |
| Enter hero's abilities submenu | 9 | |
| Give item / drop item | 3 | |
| Remove unit from queue | 6 | |
| Right click | 1552 | |
| Select / deselect | 523 | |
| Select group hotkey | 268 | |
| Use ability | 82 | |
2588 total
» units
| Acolyte | 12 | |
| Ghoul | 4 | |
| Crypt Fiend | 18 | |
| Frost Wyrm | 5 | |
39 total
» upgrades
| Web | 1 | |
| Creature Attack | 2 | |
| Freezing Breath | 1 | |
| Creature Carapace | 1 | |
5 total
» buildings
| Crypt | 1 | |
| Altar of Darkness | 1 | |
| Ziggurat | 15 | |
| Graveyard | 1 | |
| Tomb of Relics | 1 | |
| Spirit Tower | 4 | |
| Halls of the Dead | 1 | |
| Necropolis | 1 | |
| Black Citadel | 1 | |
| Sacrificial Pit | 1 | |
| Nerubian Tower | 1 | |
| Boneyard | 2 | |
30 total
» build order
00:12 Crypt
00:15 Altar of Darkness
00:23 Ziggurat
01:06 Graveyard
01:18 Tomb of Relics
01:45 Ziggurat
03:11 Ziggurat
06:22 Ziggurat
06:24 Spirit Tower
07:18 Spirit Tower
07:22 Halls of the Dead
10:21 Necropolis
11:39 Black Citadel
11:42 Sacrificial Pit
12:34 Ziggurat
12:36 Ziggurat
12:58 Ziggurat
12:59 Ziggurat
13:35 Spirit Tower
13:42 Nerubian Tower
14:53 Boneyard
14:55 Boneyard
16:20 Spirit Tower
16:22 Ziggurat
18:11 Ziggurat
20:07 Ziggurat
20:08 Ziggurat
20:11 Ziggurat
20:15 Ziggurat
21:15 Ziggurat
» items
| Rod of Necromancy | 2 | |
| Potion of Healing | 3 | |
| Scroll of Town Portal | 2 | |
| Orb of Corruption | 1 | |
8 total
team 2 (winner)

»
Mr.Jones (
red | 103 APM | 3363 actions | 32:46)
6 Mountain King
3 Storm Bolt
2 Bash
1 Avatar
5 Blood Mage
2 Siphon Mana
3 Flame Strike
» actions
| Assign group hotkey | 49 | |
| Basic commands | 232 | |
| Build / train | 112 | |
| ESC pressed | 9 | |
| Enter build submenu | 45 | |
| Enter hero's abilities submenu | 11 | |
| Give item / drop item | 15 | |
| Remove unit from queue | 4 | |
| Right click | 1317 | |
| Select / deselect | 649 | |
| Select group hotkey | 741 | |
| Use ability | 177 | |
3363 total
» units
| Peasant | 22 | |
| Rifleman | 21 | |
| Mortar Team | 5 | |
48 total
» upgrades
| Gunpowder | 3 | |
| Long Rifles | 1 | |
| Lumber Harvesting | 2 | |
| Flare | 1 | |
| Fragmentation Shards | 1 | |
| Armor | 3 | |
| Masonry | 1 | |
12 total
» buildings
| Altar of Kings | 1 | |
| Farm | 16 | |
| Blacksmith | 1 | |
| Barracks | 1 | |
| Scout Tower | 14 | |
| Arcane Vault | 1 | |
| Lumber Mill | 1 | |
| Arcane Tower | 3 | |
| Town Hall | 1 | |
| Guard Tower | 3 | |
| Keep | 1 | |
| Workshop | 2 | |
| Castle | 1 | |
46 total
» build order
00:09 Altar of Kings
00:23 Farm
00:36 Farm
01:31 Blacksmith
01:42 Barracks
02:09 Farm
02:12 Scout Tower
02:25 Arcane Vault
02:36 Scout Tower
02:44 Scout Tower
02:56 Lumber Mill
03:07 Arcane Tower
03:33 Arcane Tower
04:39 Town Hall
04:41 Scout Tower
04:44 Scout Tower
04:45 Scout Tower
04:47 Scout Tower
04:49 Scout Tower
05:02 Farm
05:15 Guard Tower
05:18 Arcane Tower
05:20 Guard Tower
07:02 Keep
10:35 Farm
10:36 Farm
10:38 Farm
10:43 Workshop
10:49 Workshop
11:19 Farm
11:24 Farm
11:26 Farm
12:11 Castle
13:50 Farm
19:19 Farm
19:22 Farm
19:23 Farm
22:54 Scout Tower
22:55 Scout Tower
22:55 Scout Tower
22:57 Scout Tower
22:58 Scout Tower
22:58 Scout Tower
24:00 Farm
24:18 Guard Tower
24:24 Farm
» items
| Scroll of Regeneration | 5 | |
| Scroll of Town Portal | 7 | |
| Potion of Healing | 4 | |
| Lesser Clarity Potion | 2 | |
| Staff of Sanctuary | 1 | |
| Potion of Lesser Invulnerability | 2 | |
| Boots of Speed | 1 | |
| Scroll of Healing | 3 | |
| Scroll of Protection | 2 | |
27 total

»
SupersetAllofit (
green | 16 APM | 692 actions | 43:32)
6 Mountain King
2 Storm Bolt
3 Bash
1 Avatar
» actions
| Basic commands | 1 | |
| Build / train | 90 | |
| Enter build submenu | 33 | |
| Enter hero's abilities submenu | 6 | |
| Give item / drop item | 1 | |
| Right click | 223 | |
| Select / deselect | 274 | |
| Use ability | 64 | |
692 total
» units
| Peasant | 10 | |
| Footman | 23 | |
| Dragonhawk Rider | 3 | |
| Gryphon Rider | 8 | |
| Knight | 5 | |
| Rifleman | 10 | |
59 total
» upgrades
| Masonry | 2 | |
| Swords | 2 | |
| Armor | 1 | |
| Storm Hammers | 1 | |
| Plating | 1 | |
| Lumber Harvesting | 1 | |
| Gunpowder | 1 | |
| Long Rifles | 1 | |
10 total
» buildings
| Farm | 13 | |
| Altar of Kings | 1 | |
| Lumber Mill | 1 | |
| Barracks | 2 | |
| Scout Tower | 8 | |
| Guard Tower | 5 | |
| Arcane Tower | 3 | |
| Arcane Vault | 2 | |
| Keep | 1 | |
| Blacksmith | 1 | |
| Gryphon Aviary | 2 | |
| Castle | 1 | |
| Town Hall | 1 | |
41 total
» build order
00:18 Farm
00:22 Altar of Kings
01:03 Farm
01:31 Lumber Mill
01:44 Barracks
02:22 Scout Tower
02:28 Scout Tower
02:34 Scout Tower
02:48 Farm
02:57 Guard Tower
03:08 Guard Tower
03:21 Arcane Tower
03:32 Farm
03:55 Arcane Vault
04:09 Farm
04:16 Scout Tower
04:51 Scout Tower
04:55 Farm
05:01 Farm
05:27 Keep
05:29 Guard Tower
05:33 Arcane Tower
05:58 Scout Tower
07:32 Blacksmith
09:01 Arcane Tower
09:54 Gryphon Aviary
10:25 Gryphon Aviary
10:54 Scout Tower
11:21 Castle
11:27 Guard Tower
13:13 Scout Tower
13:54 Farm
13:56 Guard Tower
15:33 Barracks
16:36 Farm
17:02 Farm
17:06 Farm
18:50 Farm
19:59 Arcane Vault
20:15 Farm
24:16 Town Hall
» items
| Scroll of Town Portal | 2 | |
| Potion of Healing | 2 | |
4 total
ShutUp&Jam (
yellow | 58 APM | 2806 actions | 48:43)
10 Archmage
3 Summon Water Elemental
3 Brilliance Aura
1 Mass Teleport
3 Blizzard
» actions
| Assign group hotkey | 328 | |
| Basic commands | 185 | |
| Build / train | 104 | |
| Enter build submenu | 55 | |
| Enter hero's abilities submenu | 10 | |
| Give item / drop item | 5 | |
| Right click | 1104 | |
| Select / deselect | 470 | |
| Select group hotkey | 372 | |
| Use ability | 173 | |
2806 total
» units
| Peasant | 12 | |
| Footman | 4 | |
| Gryphon Rider | 12 | |
| Goblin Shredder | 1 | |
| Goblin Zeppelin | 1 | |
| Green Dragon | 3 | |
33 total
» upgrades
| Lumber Harvesting | 2 | |
| Masonry | 3 | |
| Animal War Training | 1 | |
| Armor | 3 | |
| Swords | 3 | |
| Storm Hammers | 1 | |
| Cloud | 1 | |
| Magic Sentry | 1 | |
15 total
» buildings
| Altar of Kings | 1 | |
| Barracks | 1 | |
| Farm | 10 | |
| Arcane Vault | 4 | |
| Lumber Mill | 1 | |
| Keep | 1 | |
| Town Hall | 4 | |
| Scout Tower | 47 | |
| Guard Tower | 17 | |
| Castle | 1 | |
| Gryphon Aviary | 4 | |
| Blacksmith | 2 | |
| Arcane Sanctum | 1 | |
94 total
» build order
00:50 Altar of Kings
00:52 Barracks
00:54 Farm
00:54 Farm
01:05 Farm
01:13 Farm
01:33 Farm
03:10 Arcane Vault
03:14 Lumber Mill
03:53 Keep
04:19 Town Hall
04:25 Scout Tower
04:25 Scout Tower
04:27 Scout Tower
04:28 Scout Tower
04:59 Guard Tower
07:20 Castle
08:40 Gryphon Aviary
08:41 Gryphon Aviary
08:42 Gryphon Aviary
08:42 Gryphon Aviary
08:45 Blacksmith
08:46 Blacksmith
08:48 Farm
13:26 Farm
17:59 Farm
17:59 Farm
17:59 Farm
19:04 Arcane Sanctum
24:07 Town Hall
24:10 Scout Tower
24:10 Scout Tower
24:11 Scout Tower
24:11 Scout Tower
24:12 Scout Tower
24:15 Scout Tower
24:15 Scout Tower
24:15 Scout Tower
24:16 Scout Tower
24:16 Scout Tower
24:16 Scout Tower
24:16 Scout Tower
24:17 Scout Tower
24:18 Scout Tower
24:19 Scout Tower
24:21 Arcane Vault
25:29 Scout Tower
25:29 Scout Tower
25:30 Scout Tower
25:31 Scout Tower
26:06 Guard Tower
27:00 Guard Tower
27:20 Guard Tower
27:23 Scout Tower
27:24 Scout Tower
27:27 Scout Tower
27:27 Scout Tower
27:29 Scout Tower
27:31 Scout Tower
27:31 Scout Tower
27:59 Guard Tower
28:35 Town Hall
28:53 Scout Tower
28:53 Scout Tower
28:56 Scout Tower
28:56 Scout Tower
29:00 Arcane Vault
29:20 Guard Tower
29:20 Guard Tower
29:22 Guard Tower
29:22 Guard Tower
29:22 Guard Tower
29:23 Guard Tower
29:24 Guard Tower
30:02 Guard Tower
30:06 Guard Tower
30:59 Town Hall
31:04 Scout Tower
31:05 Scout Tower
31:05 Scout Tower
31:05 Scout Tower
31:08 Scout Tower
31:14 Scout Tower
31:14 Scout Tower
31:14 Scout Tower
31:14 Scout Tower
31:15 Scout Tower
31:15 Scout Tower
31:16 Scout Tower
31:17 Scout Tower
31:19 Arcane Vault
31:41 Guard Tower
32:27 Guard Tower
32:54 Guard Tower
» items
| Potion of Healing | 6 | |
| Lesser Clarity Potion | 1 | |
| Staff of Sanctuary | 1 | |
| Scroll of Town Portal | 4 | |
| Mechanical Critter | 4 | |
| Scroll of Regeneration | 3 | |
| Periapt of Vitality | 3 | |
| Potion of Lesser Invulnerability | 3 | |
| Potion of Mana | 1 | |
26 total
mulan2004 (
blue | 40 APM | 1932 actions | 48:43)
7 Priestess of the Moon
3 Searing Arrows
3 Trueshot Aura
1 Starfall
» actions
| Assign group hotkey | 322 | |
| Basic commands | 379 | |
| Build / train | 67 | |
| ESC pressed | 5 | |
| Enter build submenu | 21 | |
| Enter hero's abilities submenu | 7 | |
| Give item / drop item | 1 | |
| Right click | 291 | |
| Select / deselect | 312 | |
| Select group hotkey | 428 | |
| Use ability | 99 | |
1932 total
» units
| Wisp | 18 | |
| Huntress | 17 | |
| Mountain Giant | 6 | |
41 total
» upgrades
| Strength of the Wild | 2 | |
| Sentinel | 1 | |
| Reinforced Hides | 1 | |
4 total
» buildings
| Moon Well | 7 | |
| Altar of Elders | 1 | |
| Ancient of War | 2 | |
| Hunter's Hall | 1 | |
| Ancient of Wonders | 1 | |
| Tree of Life | 4 | |
| Tree of Ages | 1 | |
| Ancient of Lore | 2 | |
| Ancient Protector | 3 | |
22 total
» build order
00:05 Moon Well
00:06 Altar of Elders
00:59 Moon Well
01:23 Moon Well
02:21 Ancient of War
02:52 Hunter's Hall
03:17 Ancient of War
04:03 Moon Well
05:05 Moon Well
05:40 Ancient of Wonders
06:12 Tree of Life
08:57 Tree of Ages
11:32 Ancient of Lore
11:35 Ancient of Lore
16:28 Tree of Life
16:30 Ancient Protector
17:48 Tree of Life
18:56 Moon Well
20:17 Moon Well
24:25 Ancient Protector
24:39 Tree of Life
24:44 Ancient Protector
» items
| Scroll of Town Portal | 5 | |
| Potion of Healing | 2 | |
7 total
Chat log
(00:16 / Allies) mulan2004: hi
(00:26 / Allies) Mr.Jones: yo
(00:27 / Allies) SupersetAllofit: hello
(00:30 / Allies) mulan2004: hi
(00:38 / Allies) mulan2004: potm huntress giant
(01:07 / Allies) mulan2004: red can u build towers near my moons ?
(01:19 / Allies) mulan2004: yesa
(01:20 / Allies) Mr.Jones: both?
(01:51 / Allies) mulan2004: between front moons
(01:59 / Allies) mulan2004: good
(03:50 / Allies) mulan2004: k
(04:56 / Allies) mulan2004: not that many towers
(05:54 / Allies) mulan2004: all
(06:33 / Allies) mulan2004: orange hero
(07:20 / Allies) mulan2004: gogo
(07:36 / Allies) mulan2004: green come
(07:39 / Allies) mulan2004: green move
(08:01 / All) mulan2004: haha
(08:20 / Allies) mulan2004: i back
(08:26 / Allies) ShutUp&Jam: oyut
(08:44 / Allies) mulan2004: yellow you have 3000
(08:49 / Allies) SupersetAllofit: whats everyone going!!!!
(08:49 / Allies) mulan2004: share some money pls
(09:17 / Allies) Mr.Jones: rifle mort
(09:21 / Allies) Mr.Jones: blue
(09:34 / Allies) Mr.Jones: tp
(09:41 / Allies) SupersetAllofit: fget down here
(10:41 / Allies) SupersetAllofit: wtf
(10:45 / Allies) SupersetAllofit: they still here guys
(10:58 / Allies) Mr.Jones: had to tp
(11:05 / Allies) Mr.Jones: ward
(11:06 / Allies) Mr.Jones: kill
(11:09 / Allies) ShutUp&Jam: lumbs
(15:51 / Allies) Mr.Jones: tp in sec
(16:49 / Allies) mulan2004: zigaruts
(19:18 / Allies) ShutUp&Jam: 3 down here
(19:21 / Allies) ShutUp&Jam: tp
(19:27 / Allies) ShutUp&Jam: tp mothercufcks
(20:21 / All) NBA-RIGGED-WTF: UR TEAM is sutpid
(20:26 / All) NBA-RIGGED-WTF: hit the one player trolling
(20:56 / All) ShutUp&Jam: hlol
(20:58 / All) ShutUp&Jam: hero focusing retard
(21:01 / Allies) SupersetAllofit: yellow kill the frosts
(21:07 / All) KILLAx: noobs cant micro
(22:15 / Allies) Mr.Jones: b
(22:17 / Allies) mulan2004: yellow back
(22:19 / Allies) mulan2004: stick together
(22:23 / Allies) mulan2004: yellow
(22:28 / Allies) mulan2004: dont attack alone yellow
(22:31 / Allies) mulan2004: all back
(22:31 / Allies) mulan2004: damn
(22:36 / Allies) ShutUp&Jam: go
(22:38 / Allies) ShutUp&Jam: I have mass tp
(22:38 / Allies) ShutUp&Jam: go
(22:40 / Allies) ShutUp&Jam: I have mass tp
(22:40 / Allies) ShutUp&Jam: go
(22:42 / Allies) ShutUp&Jam: I have mass tp
(22:46 / Allies) mulan2004: idiot play as a team
(22:55 / Allies) mulan2004: yellow come idiot
(23:10 / Allies) ShutUp&Jam: Are you guys retarded? I have MASS TP
(23:18 / Allies) mulan2004: idiot?
(23:21 / Allies) ShutUp&Jam: yse you are
(23:25 / Allies) mulan2004: dont die alone idiot
(23:31 / Allies) ShutUp&Jam: I have invul pot
(23:33 / Allies) ShutUp&Jam: and tp
(23:34 / Allies) ShutUp&Jam: dummy
(25:57 / Allies) mulan2004: yellow you have 4000
(25:59 / Allies) mulan2004: use money
(26:37 / Allies) ShutUp&Jam: if you kill bot mid I can steal it
(27:14 / Allies) mulan2004: yellow use money lol
(28:45 / Allies) Mr.Jones: gold
(28:59 / Allies) Mr.Jones: yellow send gold
(29:12 / Allies) Mr.Jones: yellow wtf
(29:15 / Allies) SupersetAllofit: blue you got gold
(29:17 / Allies) SupersetAllofit: i need a tp
(29:33 / Allies) mulan2004: wow yellow has lots of money
(29:36 / Allies) mulan2004: typical idiot
(29:39 / Allies) Mr.Jones: with nothing
(29:45 / Allies) Mr.Jones: send golf
(29:46 / Allies) SupersetAllofit: i need 100 for a tp
(30:31 / Allies) Mr.Jones: tp
(30:39 / Allies) SupersetAllofit: i need 30 gold for one
(30:52 / Allies) SupersetAllofit: coming
(31:26 / All) ShutUp&Jam: My noob team keeps begging for gold
(31:28 / All) ShutUp&Jam: HELLO STUPIDS
(31:33 / All) ShutUp&Jam: if you were smart enough to get a gold mine
(31:38 / All) ShutUp&Jam: maybe you'd have your own gold!
(31:42 / All) mulan2004: idiot?
(34:01 / All) NBA-RIGGED-WTF: greatest starfall ever
(34:06 / All) mulan2004: hehe
(34:15 / All) NBA-RIGGED-WTF: fair trade off tho
(34:19 / All) NBA-RIGGED-WTF: 350 gold for 350 gold
(35:18 / All) ShutUp&Jam: want some pussy?
(36:13 / All) ShutUp&Jam: WANT SOME?
(36:14 / All) ShutUp&Jam: GET SOME
(36:19 / All) ShutUp&Jam: RAHOWA
(36:56 / All) NBA-RIGGED-WTF: how much gold u got
(36:58 / All) NBA-RIGGED-WTF: ig ot 15k
(37:27 / All) KILLAx: failed
(37:46 / All) ShutUp&Jam: run pussy
(37:58 / All) KILLAx: two noobs on different teams
(38:01 / All) KILLAx: Cant kil m
(38:03 / All) KILLAx: lol
(38:03 / All) ShutUp&Jam: GOT EM
(38:08 / All) KILLAx: typing
(38:09 / All) ShutUp&Jam: GOT EM
(38:10 / All) ShutUp&Jam: GOT EM
(38:12 / All) ShutUp&Jam: GOTHEEM
(38:16 / All) KILLAx: only becuz i shared with pink
(38:19 / All) ShutUp&Jam: GOT EM
(38:28 / All) NBA-RIGGED-WTF: lawl
(38:31 / All) ShutUp&Jam: well there goes the standoff
(38:33 / All) NBA-RIGGED-WTF: ur doing exact same thing as me
(38:34 / All) ShutUp&Jam: lol
(38:53 / All) ShutUp&Jam: what;'s green stat
(39:09 / All) ShutUp&Jam: 256-282
(39:17 / All) ShutUp&Jam: he ddin't complain about me stealing his bot mid expo
(39:19 / All) ShutUp&Jam: so up to you
(39:38 / All) ShutUp&Jam: blue
(39:38 / All) NBA-RIGGED-WTF: green let me own ur army and me and yellow will leave ok?
(39:39 / All) ShutUp&Jam: is here
(39:40 / All) ShutUp&Jam: blue is here
(39:42 / All) NBA-RIGGED-WTF: oh
(39:44 / All) ShutUp&Jam: he needs a loss
(39:45 / All) NBA-RIGGED-WTF: end it then yea
(39:47 / All) ShutUp&Jam: he was a cunt lawl
(40:00 / All) NBA-RIGGED-WTF: he tried to own my base he needs to die
(40:09 / All) SupersetAllofit: well he is dead
(40:13 / All) SupersetAllofit: you killed him
(40:16 / All) ShutUp&Jam: he said very untoward things upon my character
(40:30 / All) ShutUp&Jam: green you can win only if blue leaves
(40:33 / All) NBA-RIGGED-WTF: i have 20k
(40:43 / All) ShutUp&Jam: 11k but I've been past 50 food most of game
(41:27 / All) NBA-RIGGED-WTF: bad boy
(41:29 / All) NBA-RIGGED-WTF: green
(41:44 / All) SupersetAllofit: cmon you couldnt let me kill purp in piece
(41:55 / All) SupersetAllofit: uh oh yellow, he killed your peons
(41:59 / All) NBA-RIGGED-WTF: he left tho, purpl eis me
(42:15 / All) SupersetAllofit: yellow tk his own base
(42:22 / All) SupersetAllofit: 112k
(42:33 / All) NBA-RIGGED-WTF: 11k
(42:49 / All) ShutUp&Jam: I had 3 fresh expos running tho
(43:02 / All) ShutUp&Jam: well would have netted me up to about 19-20 k
(43:07 / All) ShutUp&Jam: not counting taxes
(43:09 / All) NBA-RIGGED-WTF: i won i got 21k
(43:22 / All) ShutUp&Jam: I spent more on dragons and items
(43:24 / All) ShutUp&Jam: therefore I win
(43:28 / All) ShutUp&Jam: 3 dragons are greater than none
(43:37 / All) NBA-RIGGED-WTF: brb taking shit
(44:51 / All) ShutUp&Jam: Red wanted me to send golf
(44:55 / All) ShutUp&Jam: I don't know what he meant by that
(45:14 / All) ShutUp&Jam: perhaps he meant he wanted some golf clubs, but I don't play and therefore own no such items
(47:31 / All) ShutUp&Jam: you there blue?
(47:42 / All) ShutUp&Jam: things are not looking good for our chances at victory here
(47:51 / All) ShutUp&Jam: In fact I would say we are quite fucked
(47:59 / All) ShutUp&Jam: Maybe he'll drop and we'll get lucky
(48:28 / All) ShutUp&Jam: well I may as well get on with it, this is the inevitable outcome anyway